 Dungeon Crawl Stone Soup version 0.29-a0-322-g68df515428 (webtiles) character file.

Game seed: 4334614790337839062

93 GigaChad the Skirmisher (level 4, 0/40 HPs)
             Began as a Draconian Chaos Knight on Apr 7, 2022.
             Was a Plaything of Xom.
             Slain by a gnoll
             ... wielding a +4 spear of chaos
              (1 damage)
             ... on level 4 of the Dungeon on Apr 8, 2022.
             The game lasted 00:07:16 (1400 turns).

GigaChad the Skirmisher (Draconian Chaos Knight)    Turns: 1400, Time: 00:07:19

Health: 0/40       AC:  5    Str: 15    XL:     4   Next: 37%
Magic:  4/4        EV: 13    Int: 12    God:    Xom [...*..]
Gold:   127        SH:  0    Dex: 18    Spells: 3/3 levels left

rFire   . . .      SeeInvis .   a - +0 falchion (chaos)
rCold   . . .      Faith    .   (no shield)
rNeg    . . .      Spirit   .   (body armour unavailable)
rPois   .          Reflect  .   (helmet restricted)
rElec   .          Harm     .   (no cloak)
rCorr   .          Rampage  .   (no gloves)
Will    .....                   (no boots)
Stlth   ++........              (no amulet)
HPRegen 0.13/turn               e - +4 ring of slaying
MPRegen 0.09/turn               l - +6 ring of dexterity

@: slowed, very slow
A: AC +5, unfitting armour, cold-blooded
a: Renounce Religion


You were on level 4 of the Dungeon.
You worshipped Xom.
You were a favourite toy of Xom.
You visited 1 branch of the dungeon, and saw 3 of its levels.

You collected 127 gold pieces.

Inventory:

Hand Weapons
 a - a +0 falchion of chaos (weapon)
 c - a +0 mace of protection
 m - a +0 scythe
Missiles
 k - 6 silver javelins
Armour
 j - a +0 plate armour
Magical Staves
 d - a staff of death
Jewellery
 e - a +4 ring of slaying (left hand)
 l - a +6 ring of dexterity (right hand)
Scrolls
 f - 2 scrolls of magic mapping {unknown}
 g - a scroll of holy word
 n - a scroll of fog {unknown}
 o - a scroll of blinking {unknown}
Potions
 h - a potion of resistance {unknown}
 i - a potion of flight {unknown}
Miscellaneous
 b - a piece from Xom's chessboard (15/15) (quivered)


   Skills:
 + Level 4.2 Fighting
 + Level 4.2 Long Blades
 + Level 2.6 Dodging
 + Level 0.1 Stealth


You had 3 spell levels left.
You didn't know any spells.
Your spell library was empty.

Dungeon Overview and Level Annotations

Branches:
Dungeon (2/15)

Altars:

Shops:
D:1 ?   D:2 [


Innate Abilities, Weirdness & Mutations

Your plain brown scales are hard. (AC +5)
You cannot fit into any form of body armour.
You are cold-blooded and may be slowed by cold attacks.


Message History

The gnoll shouts!
A gnoll comes into view. It is wielding a +0 whip.
The gnoll closely misses you.
A white imp comes into view.
The gnoll closely misses you. The gnoll hits you but does no damage.
The gnoll completely misses you. The gnoll hits you with a +0 spear.
The quokka closely misses you.
The white imp shouts, "Out, out, thou infectious pigeon-egg barnacle!"
You slash the gnoll! You freeze the gnoll.
The gnoll is almost dead.
The white imp gestures at you. The puff of frost hits you.
The gnoll hits you with a +0 spear. x2
The quokka closely misses you.
You hit the gnoll.
You kill the gnoll!
The gnoll misses you. The quokka barely misses you.
The white imp gestures at you. The puff of frost hits you!
The gnoll barely misses you. The quokka closely misses you.
The gnoll closely misses you.
The quokka bites you but does no damage.
You see here a +0 spear.
The quokka attacks as you move away! The quokka misses you.
The gnoll closely misses you.
You closely miss the quokka. "Have a taste of chaos, mortal."
The gnoll's +0 spear erupts in a glittering mayhem of colour.
You are now a favourite toy of Xom.
The quokka bites you.
The gnoll hits you from afar with a +4 spear of chaos.
* * * LOW HITPOINT WARNING * * *
Unknown command.
You slash the quokka!
You kill the quokka!
The white imp gestures at you. The puff of frost misses you.
The gnoll hits you from afar with a +4 spear of chaos!
* * * LOW HITPOINT WARNING * * *
You feel yourself slow down. The gnoll freezes you.
You die...
Xom guffaws!

#.# #..# #.# #..# #.#
#..# #.####..##
#####.#......#
#.....#......# ..
#.#####......######....
#.##>.......g..........
#.##.##......)@........
#.............5......##
####.########........#
#...................
#...................
##.###########......
#.##........ ......
#.....###### #.###
####..<....#


You could see a gnoll and a white imp.

Vanquished Creatures
  Terence (D:2)
  A gnoll (D:4)
  A river rat (D:2)
  2 adders
  A worm (D:2)
  A dart slug (D:4)
  3 endoplasms
  2 goblins
  A hobgoblin (D:2)
  3 jackals (D:4)
  2 quokkas
  3 ball pythons
  3 bats (D:2)
  A frilled lizard (D:2)
  3 kobolds
  4 rats
32 creatures vanquished.

Notes
Turn   | Place    | Note
-------+----------+-------------------------------------------
     0 | D:1      | GigaChad the Draconian Chaos Knight began the quest for the
                  | Orb.
     0 | D:1      | Reached XP level 1. HP: 19/19 MP: 1/1
    99 | D:1      | Found Xaicog's Magic Scroll Boutique.
   132 | D:1      | XOM: divination: detect items
   263 | D:1      | XOM: divination: magic mapping
   406 | D:1      | XOM: silly message
   410 | D:1      | Reached XP level 2. HP: 22/26 MP: 2/2
   659 | D:2      | XOM: silly message
   693 | D:2      | XOM: noise
   775 | D:2      | Found Unepigod's Armour Shoppe.
   922 | D:2      | Reached XP level 3. HP: 23/33 MP: 3/3
   926 | D:2      | Noticed Terence
   938 | D:2      | Killed Terence
  1074 | D:2      | XOM: 2-stop teleportation journey
  1141 | D:2      | Noticed Sigmund
  1151 | D:2      | Noticed Sigmund
  1151 | D:2      | Sigmund changed into Sigmund the worm
  1151 | D:2      | XOM: polymorph Sigmund -> Sigmund the worm
  1152 | D:2      | Killed Sigmund the worm
  1248 | D:2      | Found a faded altar of an unknown god.
  1278 | D:2      | You fall into a shaft and drop 2 floors!
  1302 | D:4      | Reached XP level 4. HP: 40/40 MP: 4/4
  1399 | D:4      | XOM: chaos upgrade
  1400 | D:4      | HP: 1/40 [gnoll/+4 spear of chaos (8)]
  1400 | D:4      | Slain by a gnoll

Illustrated notes

Levels and vault maps discovered:
D:1:      amcnicky_arrival_blooded_trapdoor, layout_rooms, serial_shops, shop,
          st_stairs_7
D:2:      layout_basic, basic_ecumenical_altar, serial_shops,
          nicolae_shop_stone, uniq_sigmund, uniq_terence
D:4:      nicolae_cairo_tiling, layout_basic, minmay_temple_entry_fiery

Skill      XL: |  1  2  3 |
---------------+----------+-----
Fighting       | 4 |  4.2
Long Blades    | 4 |  4.2
Dodging        | |  2.6
Stealth        | |  0.1

Action                   |  1- 3 |  4- 6 || total
-------------------------+-------+-------++-------
Melee: Falchion          |    54 |    10 ||    64
       Tailslap          |     7 |       ||     7
       Punch             |     1 |       ||     1
  Use: Scroll            |     3 |       ||     3
Armor: Skin              |    17 |     5 ||    22
Dodge: Dodged            |    58 |    27 ||    85

Table legend: (Time is in decaauts)
 A = Elapsed time spent in this place.
 B = Non-inter-level travel time spent in this place.
 C = Inter-level travel time spent in this place.
 D = Time resting spent in this place.
 E = Time spent auto-exploring this place.
 F = Levels seen in this place.
 G = Mean time per level.
                   A        B        C        D        E       F      G
               +--------+--------+--------+--------+--------+-----+--------+
         Total |   1410 |   1402 |      8 |      0 |    383 |   3 |  470.0 |
       Dungeon |   1410 |   1402 |      8 |      0 |    383 |   3 |  470.0 |
               +--------+--------+--------+--------+--------+-----+--------+

Top non-repeatable levels by time:
     D:2: 676 daAuts
     D:1: 611 daAuts
     D:4: 122 daAuts
